[Event "NOR-chT Eliteserien 2018-19"]
[Site "Norway"]
[Date "2019.03.08"]
[Round "7.23"]
[White "Rygg, Andreas Gangstad"]
[Black "Holm, Kristian Stuvik"]
[Result "0-1"]
[ECO "C01"]
[WhiteElo "1869"]
[BlackElo "2468"]
[Annotator "RC"]
[PlyCount "96"]
[EventDate "2018.11.02"]
[EventType "team-tourn"]
[EventCountry "NOR"]
[SourceTitle "playchess.com"]
[Source "ChessBase"]
[SourceQuality "1"]
[TimeControl "40/5400+30:1800+30"]

1. e4 e6 2. d4 d5 3. exd5 exd5 4. Bd3 Nc6 5. c3 Bd6 6. Nf3 Bg4 7. O-O Nge7 8. Be3 Qd7 9. Nbd2 O-O-O 10. b4 Nf5 11. Qc2 Kb8 12. a4 Rde8 13. Rfe1 Nxe3 14. fxe3 Re7 15. e4 dxe4 16. Bxe4 Rhe8 17. Bd3 Rxe1+ 18. Rxe1 Rxe1+ 19. Nxe1 Qe7 20. Nef3 Bxb4 21. Be4 Bd6 22. Nc4 Bxf3 23. gxf3 Nd8 24. Qb2 c6 25. Kh1 Bc7 26. Qd2 g6 27. a5 f5 28. Bd3 Ne6 29. Qe2 Qf6 30. a6 Nf4 31. Qe8+ Qd8 32. Qxd8+ Bxd8 33. Bf1 b5 34. Ne5 Kc7 35. c4 b4 36. Nd3 Nxd3 37. Bxd3 Bf6 38. d5 cxd5 39. cxd5 Kd6 40. Kg2 Kxd5 41. Kf2 Kd4 42. Ke2 Kc3 43. Bb1 Kb2 44. Bd3 b3 45. Kd2 Ka1 46. Bc4 b2 47. Bd3 b1=Q 48. Bxb1 Kxb1 0-1

[Event "NOR-chT Eliteserien 2018-19"]
[Site "Norway"]
[Date "2019.03.08"]
[Round "7.24"]
[White "Kaasen, Tor Fredrik"]
[Black "Oye-Stromberg, Alexander"]
[Result "1-0"]
[ECO "E70"]
[WhiteElo "2409"]
[BlackElo "1873"]
[Annotator "RC"]
[PlyCount "119"]
[EventDate "2018.11.02"]
[EventType "team-tourn"]
[EventCountry "NOR"]
[SourceTitle "playchess.com"]
[Source "ChessBase"]
[SourceQuality "1"]
[TimeControl "40/5400+30:1800+30"]

1. d4 c5 2. d5 Nf6 3. c4 g6 4. Nc3 d6 5. e4 Bg7 6. Bd3 O-O 7. Nge2 e6 8. O-O exd5 9. exd5 Na6 10. Ng3 Nc7 11. Bf4 Ng4 12. Qd2 f5 13. Bg5 Bf6 14. Bxf6 Qxf6 15. Rfe1 Qh4 16. Nf1 Ne5 17. b3 Bd7 18. Be2 f4 19. f3 Bf5 20. Nd1 Rae8 21. Nf2 Re7 22. g3 fxg3 23. hxg3 Qf6 24. f4 Nf7 25. Ne3 Bc8 26. Bg4 h5 27. Bxc8 Rxc8 28. Ng2 Rce8 29. Rad1 Kg7 30. Rxe7 Rxe7 31. Qc2 Qf5 32. Qxf5 gxf5 33. Kf1 Kf6 34. Nh4 b5 35. Nd3 b4 36. Nxc5 dxc5 37. d6 Rd7 38. dxc7 Rxd1+ 39. Ke2 Nd6 40. Kxd1 Ke6 41. Ng6 Kd7 42. Nf8+ Kxc7 43. Ne6+ Kc6 44. Ng7 a5 45. Ke2 Kd7 46. Nxh5 Ne4 47. Ke3 Nc3 48. Ng7 Nxa2 49. Kd2 Nc3 50. Nxf5 Ke6 51. g4 Ne4+ 52. Kc2 Nf6 53. Ne3 Ne4 54. Nd1 Nd6 55. Kd3 Kf6 56. Nb2 Ke6 57. Ke3 Kf6 58. Na4 Nb7 59. Ke4 Ke6 60. f5+ {[%emt 0:00:05] Kd5+ [%emt 00:00:47]} 1-0

[Event "NOR-chT Eliteserien 2018-19"]
[Site "Norway"]
[Date "2019.03.08"]
[Round "7.26"]
[White "Nilsen, Joachim Birger"]
[Black "Tisdall, Jonathan D"]
[Result "1/2-1/2"]
[ECO "A30"]
[WhiteElo "2397"]
[BlackElo "2399"]
[Annotator "RC"]
[PlyCount "107"]
[EventDate "2018.11.02"]
[EventType "team-tourn"]
[EventCountry "NOR"]
[SourceTitle "playchess.com"]
[Source "ChessBase"]
[SourceQuality "1"]
[TimeControl "40/5400+30:1800+30"]

1. Nf3 Nf6 2. c4 c5 3. Nc3 b6 4. g3 Bb7 5. Bg2 g6 6. O-O Bg7 7. d4 cxd4 8. Qxd4 d6 9. Rd1 Nbd7 10. Be3 Rc8 11. Rac1 O-O 12. Qh4 h5 13. b3 Ng4 14. Bg5 f6 15. Bd2 Qe8 16. Qh3 Nc5 17. Nd4 f5 18. Be1 Bxd4 19. Rxd4 Bxg2 20. Qxg2 Ne6 21. Rdd1 f4 22. Nd5 Kh7 23. f3 Nh6 24. Bd2 fxg3 25. hxg3 Qf7 26. Bc3 b5 27. cxb5 Rc5 28. b6 axb6 29. Nxb6 Nf5 30. Bd2 Rb5 31. Na4 h4 32. Nc3 Re5 33. gxh4 Nxh4 34. Qg4 Rh5 35. Kf2 Nd4 36. Rh1 Ndxf3 37. exf3 Nxf3 38. Rxh5+ gxh5 39. Qe4+ Kh8 40. Ke2 Qg7 41. Kd3 Qg2 42. Rd1 e5 43. a4 h4 44. a5 h3 45. a6 d5 46. Qxd5 Qg6+ 47. Qe4 Qxa6+ 48. Kc2 h2 49. Be3 Qf6 50. b4 Qg7 51. Kb3 Qg2 52. b5 h1=Q 53. Rxh1+ Qxh1 54. b6 1/2-1/2

[Event "NOR-chT Eliteserien 2018-19"]
[Site "Norway"]
[Date "2019.03.08"]
[Round "7.27"]
[White "Sahl, Bjarke"]
[Black "Bern, Ivar"]
[Result "1-0"]
[ECO "E21"]
[WhiteElo "2322"]
[BlackElo "2302"]
[Annotator "NA RC"]
[PlyCount "49"]
[EventDate "2018.11.02"]
[EventType "team-tourn"]
[EventCountry "NOR"]
[SourceTitle "playchess.com"]
[Source "ChessBase"]
[SourceQuality "1"]
[TimeControl "40/5400+30:1800+30"]

1. d4 f5 2. c4 Nf6 3. Nc3 e6 4. Nf3 Bb4 5. Bd2 b6 6. e3 O-O 7. Qc2 Bb7 8. Bd3 Bxc3 {[%emt 0:19:31] LiveBook: 8 Games} 9. Bxc3 Ne4 10. O-O-O {[%emt 0:08:23] E21: Nimzo-Indian: 4 Nf3} Nxc3 (10... d6 11. Ne1 Qe7 12. f3 Nxc3 13. Qxc3 c5 14. Nc2 Nc6 15. Be2 Rac8 16. Kb1 Rfd8 17. d5 exd5 18. cxd5 {1-0 (39) Petrosian,T (2604)-Vitiugov,N (2709) Moscow 2011}) 11. Qxc3 Bxf3 $146 ({Predecessor:} 11... Qf6 12. Rhg1 d6 13. Qc2 Nd7 14. Nd2 c5 15. d5 Ne5 16. e4 f4 17. f3 Qh6 {0-1 (47) Siebrecht,S (2426)-Slobodjan,R (2521) Saarbruecken 2002}) 12. gxf3 Qf6 13. f4 c5 (13... Qh4 $14) 14. Be2 Nc6 15. dxc5 Qxc3+ 16. bxc3 Rfd8 17. Rd6 Kf7 18. Rhd1 Ke7 19. Bf3 Rac8 $2 (19... bxc5 $16 20. Bxc6 dxc6 21. Rxc6 Rac8) 20. Bxc6 Rxc6 21. Rxc6 dxc6 22. Rxd8 Kxd8 23. cxb6 axb6 24. c5 bxc5 25. Kb2 $18 1-0

[Event "NOR-chT Eliteserien 2018-19"]
[Site "Norway"]
[Date "2019.03.08"]
[Round "7.28"]
[White "Stokke, Kjetil"]
[Black "Aulin-Jansson, Joran"]
[Result "1-0"]
[ECO "A27"]
[WhiteElo "2334"]
[BlackElo "2258"]
[Annotator "RC"]
[PlyCount "233"]
[EventDate "2018.11.02"]
[EventType "team-tourn"]
[EventCountry "NOR"]
[SourceTitle "playchess.com"]
[Source "ChessBase"]
[SourceQuality "1"]
[TimeControl "40/5400+30:1800+30"]

1. c4 e5 2. Nc3 Nc6 3. Nf3 g6 4. d4 exd4 5. Nxd4 Bg7 6. Nxc6 dxc6 7. Qxd8+ Kxd8 8. Bg5+ Nf6 9. O-O-O+ Ke7 10. f3 Be6 11. e4 h6 12. Bh4 g5 13. Bg3 Rac8 14. Be2 Nh5 15. Bf2 b6 16. g3 Bxc3 17. bxc3 c5 18. h4 g4 19. f4 f5 20. e5 Rcd8 21. Rxd8 Rxd8 22. Rd1 Rxd1+ 23. Kxd1 Ng7 24. Kd2 Bc8 25. Bd1 Ne6 26. a3 Nd8 27. Kd3 Be6 28. Bb3 Nc6 29. Ba2 Na5 30. Bg1 Kd7 31. Bf2 Kc6 32. Bg1 Kb7 33. Be3 Ka6 34. Bd2 Nb7 35. Bb3 Ka5 36. Kc2 b5 37. cxb5 c4 38. Ba2 Kxb5 39. Be3 a6 40. Kb2 Nd8 41. Bb1 Nc6 42. a4+ Kxa4 43. Bc2+ Ka5 44. Bc5 Kb5 45. Bf8 h5 46. Ka3 Kb6 47. Ba4 Bd7 48. Bc2 Be6 49. Ba4 a5 50. Kb2 Bd7 51. Ka3 Be6 52. Kb2 Bf7 53. Bc2 Be6 54. Ba4 Kb7 55. Bc5 Bd7 56. Ka3 Nb8 57. e6 Bxe6 58. Be8 Nd7 59. Be7 Nb6 60. Bf6 Nd5 61. Be5 Ne3 62. Bxh5 Nf1 63. Bg6 Nxg3 64. h5 Ne2 65. h6 g3 66. Bh5 g2 67. Bf3+ c6 68. Bxg2 Bg8 69. Bf1 Ng3 70. Bxc4 Bh7 71. Ka4 Kb6 72. Bd4+ c5 73. Be5 Ne4 74. Bd5 Ka6 75. c4 Kb6 76. Be6 Ka6 77. Bd7 Kb6 78. Bb5 Bg6 79. Kb3 Bh7 80. Ba4 Bg8 81. Bb5 Bh7 82. Bd7 Kb7 83. Bg7 Kc7 84. Bb5 Kb6 85. Bf8 Bg6 86. Be7 Nf2 87. Bd8+ Kb7 88. Be8 Bh7 89. Ka4 Nh3 90. Bg5 Ka6 91. Kb3 Kb6 92. Kc3 Nf2 93. Bd8+ Ka6 94. Bb5+ Kb7 95. Kd2 Kc8 96. Bxa5 Ng4 97. Bb6 Nxh6 98. Bxc5 Kc7 99. Ke3 Ng4+ 100. Kd4 Bg8 101. Be7 Be6 102. c5 Bc8 103. Bd6+ Kb7 104. Ba4 Ka6 105. Kd5 Nf6+ 106. Ke5 Ng4+ 107. Kd4 Ka5 108. Bc6 Ka6 109. Be5 Be6 110. Bd5 Bc8 111. Bf7 Bd7 112. Kd5 Kb5 113. Kd6 Bc8 114. Be8+ Kb4 115. c6 Ne3 116. Bd7 Nc4+ 117. Kc7 1-0

[Event "NOR-chT Eliteserien 2018-19"]
[Site "Norway"]
[Date "2019.03.08"]
[Round "7.29"]
[White "Hammerstad, Asmund"]
[Black "Gullaksen, Eirik"]
[Result "1/2-1/2"]
[ECO "E94"]
[WhiteElo "2205"]
[BlackElo "2341"]
[Annotator "NA RC"]
[PlyCount "118"]
[EventDate "2018.11.02"]
[EventType "team-tourn"]
[EventCountry "NOR"]
[SourceTitle "playchess.com"]
[Source "ChessBase"]
[SourceQuality "1"]
[TimeControl "40/5400+30:1800+30"]

1. d4 Nf6 2. c4 g6 3. Nc3 Bg7 4. e4 O-O 5. Nf3 d6 6. Be2 Na6 7. O-O e5 8. Be3 Ng4 9. Bg5 Qe8 10. dxe5 dxe5 11. Qb3 {[%emt 0:07:47] E94: King's Indian: Classical: 6 Be2 e5 7 0-0: Various Black 7th moves} f6 $146 ({Predecessor:} 11... Kh8 12. Qa3 f6 13. Bh4 c5 14. Nd5 b6 15. Ne1 Nh6 16. Nc2 Ng8 17. Nce3 Ne7 18. Bd1 Nc6 {0-1 (41) Aleksandrov,A (2609)-Kokarev,D (2596) Izhevsk 2011}) 12. Bd2 Rf7 13. h3 Nh6 $1 14. Nb5 Be6 15. Be3 Bf8 16. Rfd1 Qb8 17. Qc2 c6 18. Na3 Re7 19. c5 Nc7 20. Nc4 Nf7 21. Rd2 Ne8 22. Rad1 Qc7 23. Qa4 a6 24. Nb6 Rd8 25. Bc4 Ng7 26. Qb3 Rxd2 27. Rxd2 Bxc4 28. Qxc4 Ne6 29. b4 h5 30. Qc2 Kh7 31. Nh4 Bh6 $2 {[%emt 0:00:35] [#]} (31... Nfg5 $16) 32. Nd5 $1 cxd5 33. exd5 Nf8 $2 (33... e4) 34. d6 Nxd6 35. Rxd6 $2 (35. cxd6 $18 Qxc2 36. dxe7 (36. Rxc2 Rd7 $15) 36... Qc1+ 37. Kh2) 35... Rf7 36. Bxh6 Kxh6 {[%emt 0:00:10] [#]} 37. Qe4 (37. Nf3 $1 $18) 37... Kg7 38. g3 Re7 39. Rb6 Rd7 (39... Qc8 $16 {is a better defense.}) 40. g4 hxg4 41. hxg4 (41. Qxg4 $18 Qd8 42. Nf5+ Kh8 43. Qh4+ Nh7 44. Nd6) 41... Re7 42. Kg2 Rd7 (42... Qd7 $142) 43. a3 Re7 44. Kg3 Qd7 45. f3 Qc7 46. Kh3 Qd7 47. a4 a5 48. bxa5 Qc7 49. c6 bxc6 50. Qxc6 Qxc6 51. Rxc6 Ra7 52. a6 Nd7 $1 53. g5 fxg5 54. Nxg6 Nb8 55. Rb6 Nxa6 56. Nxe5 Nc5 57. Rg6+ Kh7 58. Rxg5 Rxa4 $11 59. Ng4 Ne6 1/2-1/2

[Event "NOR-chT Eliteserien 2018-19"]
[Site "Norway"]
[Date "2019.03.08"]
[Round "7.30"]
[White "Frisvold, Ole Emil"]
[Black "Diesen, Bruce"]
[Result "1-0"]
[ECO "E17"]
[WhiteElo "2131"]
[BlackElo "2144"]
[Annotator "NA RC"]
[PlyCount "87"]
[EventDate "2018.11.02"]
[EventType "team-tourn"]
[EventCountry "NOR"]
[SourceTitle "playchess.com"]
[Source "ChessBase"]
[SourceQuality "1"]
[TimeControl "40/5400+30:1800+30"]

1. d4 Nf6 2. c4 e6 3. Nf3 b6 4. g3 Bb7 5. Bg2 Be7 6. O-O O-O 7. d5 exd5 8. Nh4 c6 9. cxd5 Nxd5 10. Nf5 Na6 {[%emt 0:12:49] E17: Queen's Indian: 4 g3 Bb7 5 Bg2 Be7} (10... Nc7 11. Nc3 d5 12. e4 Bf6 13. exd5 Nxd5 14. Nxd5 cxd5 15. Re1 Na6 16. Bf4 Bxb2 17. Rb1 Bf6 18. Nd6 Bc6 19. Bxd5 Bxd5 20. Qxd5 Qd7 21. Rbd1 Rad8 22. h4 Nc5 23. Bg5 Bxg5 24. hxg5 Qa4 25. Re7 Rd7 26. Rde1 Nb7 27. Qxf7+ {1-0 (27) Adhiban,B (2655)-Kovalenko,I (2635) chess.com INT 2018}) 11. e4 $1 {[%emt 0:05:37] LiveBook: 26 Games} Ndc7 12. Qg4 Ne6 13. Rd1 $146 ({Predecessor:} 13. Nc3 Bf6 14. Rd1 Qc7 15. Bf4 h5 16. Bxc7 hxg4 17. Bd6 Rfe8 18. e5 {1-0 (53) Jablonicky,M (2198)-Theocharous,S (1972) Prague 2016}) 13... Nac7 14. Nc3 d5 $2 (14... Kh8 $11 {and Black has nothing to worry.}) 15. exd5 cxd5 {[%emt 0:02:20] [#]} 16. Nxd5 $1 Bxd5 17. Bxd5 Nxd5 18. Rxd5 Qe8 19. Nxg7 f5 20. Nxf5+ Kh8 21. Nxe7 Qxe7 22. Bd2 Rac8 23. Bc3+ Rxc3 24. bxc3 Nc5 25. Qd4+ Kg8 26. Re5 Qf6 27. f4 h6 28. Rae1 Qg6 29. f5 Qg5 30. Qd6 Rf7 31. Re8+ Kh7 32. R8e7 Kg8 33. Rxf7 Kxf7 34. Qg6+ Qxg6 35. fxg6+ Kxg6 36. Re7 a5 37. Rc7 Kg5 38. Kf2 h5 39. Ke3 Kg4 $18 40. Rh7 Ne6 41. Rh6 Nc7 42. Kf2 b5 43. h3+ Kxh3 44. Kf3 1-0

[Event "NOR-chT Eliteserien 2018-19"]
[Site "Norway"]
[Date "2019.03.09"]
[Round "8.2"]
[White "Mihajlov, Sebastian"]
[Black "Hobber, Anders"]
[Result "1/2-1/2"]
[ECO "D11"]
[WhiteElo "2363"]
[BlackElo "2310"]
[Annotator "NA"]
[PlyCount "71"]
[EventDate "2018.11.02"]
[EventType "team-tourn"]
[EventCountry "NOR"]
[SourceTitle "playchess.com"]
[Source "ChessBase"]
[SourceQuality "1"]
[TimeControl "40/5400+30:1800+30"]

1. d4 d5 2. c4 c6 3. Nf3 Nf6 4. e3 a6 5. Nbd2 g6 6. b4 Bg7 7. Bb2 O-O 8. Nb3 Bg4 9. Bd3 Nbd7 10. O-O dxc4 11. Bxc4 Nd5 12. a3 N7b6 13. Be2 Na4 14. Qd2 Nxb2 15. Qxb2 Qc7 16. Rac1 Rad8 17. h3 Bxf3 18. Bxf3 Qb8 19. Nc5 e5 20. dxe5 Bxe5 21. Qb3 Nf6 22. Rfd1 Qc7 23. a4 Bh2+ 24. Kh1 Bd6 25. Qc3 Be5 26. Qc4 Qe7 27. g3 Bd6 28. Kg2 Kg7 29. Qc3 Be5 30. Qc4 Bd6 31. Rd3 Bxc5 32. Rxd8 Rxd8 33. Qxc5 Qxc5 34. Rxc5 Rd2 35. b5 axb5 36. axb5 1/2-1/2

[Event "NOR-chT Eliteserien 2018-19"]
[Site "Norway"]
[Date "2019.03.09"]
[Round "8.3"]
[White "Hole, Oystein"]
[Black "Getz, Nicolai"]
[Result "1-0"]
[ECO "E97"]
[WhiteElo "2299"]
[BlackElo "2392"]
[Annotator "ChessBase"]
[PlyCount "213"]
[EventDate "2018.11.02"]
[EventType "team-tourn"]
[EventCountry "NOR"]
[SourceTitle "playchess.com"]
[Source "ChessBase"]
[SourceQuality "1"]
[TimeControl "40/5400+30:1800+30"]

1. Nf3 Nf6 2. c4 g6 3. Nc3 Bg7 4. e4 d6 5. d4 O-O 6. Be2 e5 7. O-O Nc6 8. d5 Ne7 9. b4 Nh5 10. g3 f5 11. Ng5 Nf6 12. Bf3 c6 13. Bg2 cxd5 14. cxd5 h6 15. Ne6 Bxe6 16. dxe6 fxe4 17. Qb3 d5 18. b5 Nf5 19. Nxe4 Ne7 20. Nxf6+ Rxf6 21. Ba3 e4 22. Rad1 Rxe6 23. Rfe1 Qb6 24. Bxe4 Kh8 25. Bg2 Rxe1+ 26. Rxe1 Nf5 27. Bxd5 Nd4 28. Qc4 Qxb5 29. Qxb5 Nxb5 30. Bb4 Bc3 31. Bxc3+ Nxc3 32. Bxb7 Rb8 33. Re7 Nxa2 34. Be4 Rb6 35. Rxa7 Nc3 36. Bc2 Ne2+ 37. Kg2 Nd4 38. Bd3 Rd6 39. Rb7 Kg8 40. Bb1 Kh8 41. f4 Ne2 42. Rc7 Nd4 43. Kf2 Nb5 44. Rc5 Nd4 45. Ke3 Kg7 46. g4 Ne6 47. Rb5 Rd1 48. Rb7+ Kf6 49. Rb6 Re1+ 50. Kf2 Rh1 51. f5 gxf5 52. gxf5 Rxh2+ 53. Kf3 Rh3+ 54. Kg4 Re3 55. fxe6 Rxe6 56. Rb5 Re1 57. Bd3 Re3 58. Bf5 h5+ 59. Kf4 Re1 60. Rb6+ Ke7 61. Kg5 Rh1 62. Be4 Rh2 63. Kf5 Ra2 64. Ke5 Ra5+ 65. Bd5 Kf8 66. Rb7 Ra1 67. Rf7+ Ke8 68. Rh7 Kf8 69. Be6 Rf1 70. Rc7 h4 71. Bf5 Ke8 72. Kf6 Rd1 73. Rc4 h3 74. Bxh3 Rd3 75. Bg4 Rd6+ 76. Ke5 Rh6 77. Be6 Kf8 78. Rg4 Ke7 79. Rg7+ Kf8 80. Rf7+ Kg8 81. Rf1+ Kg7 82. Bf5 Ra6 83. Be6 Ra5+ 84. Bd5 Rb5 85. Rg1+ Kf8 86. Rg8+ Ke7 87. Rg7+ Kf8 88. Rf7+ Ke8 89. Ra7 Rb6 90. Be6 Kd8 91. Kd5 Ke8 92. Rd7 Rb5+ 93. Kd6 Rg5 94. Bf7+ Kf8 95. Ke6 Kg7 96. Rd8 Rb5 97. Rg8+ Kh7 98. Rg3 Rb2 99. Bg6+ Kh6 100. Bf5 Rb6+ 101. Ke5 Rb5+ 102. Kf6 Rb6+ 103. Be6 Rb5 104. Ra3 Rc5 105. Bd7 Rd5 106. Bf5 Rd6+ 107. Be6 1-0

[Event "NOR-chT Eliteserien 2018-19"]
[Site "Norway"]
[Date "2019.03.09"]
[Round "8.4"]
[White "Ogaard, Leif"]
[Black "Skrondal, Inge Sandstad"]
[Result "1/2-1/2"]
[ECO "D56"]
[WhiteElo "2382"]
[BlackElo "2281"]
[Annotator "NA"]
[PlyCount "84"]
[EventDate "2018.11.02"]
[EventType "team-tourn"]
[EventCountry "NOR"]
[SourceTitle "playchess.com"]
[Source "ChessBase"]
[SourceQuality "1"]
[TimeControl "40/5400+30:1800+30"]

1. d4 Nf6 2. c4 e6 3. Nc3 d5 4. Bg5 Be7 5. e3 h6 6. Bh4 O-O 7. Qb3 Nbd7 8. Nf3 c6 9. Rc1 Ne4 10. Bxe7 Qxe7 11. Bd3 Nxc3 12. Qxc3 dxc4 13. Bxc4 Re8 14. Rd1 b6 15. O-O Bb7 16. e4 a6 17. Rfe1 b5 18. Bb3 c5 19. d5 exd5 20. Bxd5 Bxd5 21. Rxd5 Rac8 22. Qa5 Nf6 23. Rdd1 Rc6 24. e5 Nd7 25. Rd6 Rec8 26. Red1 Nxe5 27. Rd8+ Kh7 28. Rxc8 Rxc8 29. Qxa6 Nxf3+ 30. gxf3 Rb8 31. Qc6 c4 32. Kf1 Re8 33. Qxb5 Qe2+ 34. Kg2 Re5 35. Rd5 Re6 36. Rd4 Rg6+ 37. Rg4 Rxg4+ 38. fxg4 Qxg4+ 39. Kf1 Qd1+ 40. Kg2 Qg4+ 41. Kf1 Qd1+ 42. Kg2 Qg4+ 1/2-1/2

[Event "NOR-chT Eliteserien 2018-19"]
[Site "Norway"]
[Date "2019.03.09"]
[Round "8.5"]
[White "Andersen, Alf Roger"]
[Black "Galinsky, Timofey"]
[Result "0-1"]
[ECO "D05"]
[WhiteElo "2251"]
[BlackElo "2369"]
[Annotator "NA"]
[PlyCount "136"]
[EventDate "2018.11.02"]
[EventType "team-tourn"]
[EventCountry "NOR"]
[SourceTitle "playchess.com"]
[Source "ChessBase"]
[SourceQuality "1"]
[TimeControl "40/5400+30:1800+30"]

1. Nf3 d5 2. e3 c6 3. c4 e6 4. b3 Nd7 5. Bb2 Ngf6 6. Be2 Bd6 7. d4 Ne4 8. O-O O-O 9. Nbd2 f5 10. Ne5 Ndf6 11. Ndf3 Bd7 12. Nd3 Qe7 13. Nfe5 Be8 14. Qc2 Bh5 15. f3 Ng5 16. h4 Nf7 17. Nf4 Nh6 18. Bd3 Be8 19. Qf2 Nd7 20. Nh3 Nxe5 21. dxe5 Ba3 22. Bxa3 Qxa3 23. Ng5 Qe7 24. Rae1 Rd8 25. Qg3 Nf7 26. Nh3 dxc4 27. Bxc4 b5 28. Be2 Rd2 29. a4 a6 30. Kh1 Qc7 31. f4 c5 32. e4 fxe4 33. Bg4 Qe7 34. Rxe4 Bc6 35. Re2 Rfd8 36. Ng5 Nxg5 37. fxg5 R2d3 38. Re3 c4 39. axb5 axb5 40. bxc4 bxc4 41. Be2 Rxe3 42. Qxe3 Bd5 43. Rc1 Rc8 44. Kh2 h6 45. Qg3 hxg5 46. hxg5 Qb4 47. Rc3 Qb2 48. Bg4 Re8 49. Bh5 Rf8 50. Re3 Rf2 51. Bf3 Bxf3 52. Rxf3 Rxf3 53. Qxf3 Qxe5+ 54. g3 Qxg5 55. Qa8+ Kf7 56. Qa7+ Kg6 57. Qd7 Qd5 58. Qe8+ Kh7 59. Qc8 Qd2+ 60. Kh3 c3 61. Qc4 c2 62. Qe4+ g6 63. Qb7+ Kh6 64. Qe7 Qf2 65. Qh4+ Kg7 66. Qc4 Qf5+ 67. g4 Qf3+ 68. Kh4 g5+ 0-1

[Event "NOR-chT Eliteserien 2018-19"]
[Site "Norway"]
[Date "2019.03.09"]
[Round "8.6"]
[White "Elseth, Roar"]
[Black "Gudbrandsen, Gustav"]
[Result "1/2-1/2"]
[ECO "A25"]
[WhiteElo "2278"]
[BlackElo "2241"]
[Annotator "NA"]
[PlyCount "69"]
[EventDate "2018.11.02"]
[EventType "team-tourn"]
[EventCountry "NOR"]
[SourceTitle "playchess.com"]
[Source "ChessBase"]
[SourceQuality "1"]
[TimeControl "40/5400+30:1800+30"]

1. c4 Nf6 2. Nc3 Nc6 3. g3 e5 4. Bg2 d6 5. d3 Be7 6. Rb1 O-O 7. b4 a6 8. a3 Be6 9. Nd5 Bxd5 10. cxd5 Na7 11. e3 c6 12. dxc6 bxc6 13. Ne2 a5 14. O-O axb4 15. axb4 Qb6 16. Nc3 Nb5 17. Bb2 Na3 18. Bxa3 Rxa3 19. Qc1 Ra7 20. b5 cxb5 21. Nxb5 Rd7 22. Nd4 Qa6 23. Nc6 Qxd3 24. Rd1 Qf5 25. Nxe7+ Rxe7 26. Rxd6 Ne4 27. Bxe4 Qxe4 28. Qd1 h5 29. Rd8 Ree8 30. Rbb8 Rxd8 31. Rxd8 Rxd8 32. Qxd8+ Kh7 33. Qg5 g6 34. Qf6 Kg8 35. h4 1/2-1/2

[Event "NOR-chT Eliteserien 2018-19"]
[Site "Norway"]
[Date "2019.03.09"]
[Round "8.7"]
[White "Galchenko, Matvey"]
[Black "Haldorsen, Benjamin"]
[Result "1-0"]
[ECO "A29"]
[WhiteElo "2361"]
[BlackElo "2454"]
[Annotator "ChessBase"]
[PlyCount "131"]
[EventDate "2018.11.02"]
[EventType "team-tourn"]
[EventCountry "NOR"]
[SourceTitle "playchess.com"]
[Source "ChessBase"]
[SourceQuality "1"]
[TimeControl "40/5400+30:1800+30"]

1. c4 Nf6 2. Nc3 e5 3. g3 Bb4 4. Bg2 O-O 5. Nf3 Re8 6. O-O e4 7. Ne1 Bxc3 8. bxc3 d5 9. cxd5 Qxd5 10. d3 Nc6 11. Bf4 Qh5 12. dxe4 Nxe4 13. Qc2 Ng5 14. Bxg5 Qxg5 15. Rb1 Qc5 16. Nd3 Qc4 17. Nf4 b6 18. Rfd1 Rb8 19. a4 Be6 20. Be4 h6 21. Rb5 Rbd8 22. Bd3 Qa2 23. Rb2 Qa3 24. Rbb1 Ne5 25. Bh7+ Kh8 26. Nxe6 fxe6 27. Be4 Qc5 28. e3 Rxd1+ 29. Qxd1 Qd6 30. Qh5 Rf8 31. Rd1 Qc5 32. Rd4 Nd7 33. Qg6 Nf6 34. Rd7 Qg5 35. Rxc7 Qxg6 36. Bxg6 Nd5 37. Rxa7 Nxc3 38. h4 Nd1 39. Bf7 g5 40. h5 e5 41. Rb7 g4 42. Kg2 Nc3 43. Bb3 Ne4 44. Rxb6 Rxf2+ 45. Kg1 Re2 46. Rxh6+ Kg7 47. Rg6+ Kh7 48. Rxg4 Nf2 49. Rb4 Nd3 50. Rb6 Nc5 51. Rb5 Rxe3 52. Bc2+ Nd3 53. Bxd3+ Rxd3 54. Kf2 Ra3 55. Rxe5 Rxa4 56. Kg2 Kh6 57. Kh3 Ra1 58. Kh4 Ra4+ 59. g4 Rb4 60. Re6+ Kg7 61. Ra6 Rb5 62. h6+ Kh7 63. g5 Rb1 64. Ra7+ Kg6 65. Rg7+ Kf5 66. h7 1-0

[Event "NOR-chT Eliteserien 2018-19"]
[Site "Norway"]
[Date "2019.03.09"]
[Round "8.8"]
[White "Nilsen, Joachim Birger"]
[Black "Mikalsen, Erlend"]
[Result "1/2-1/2"]
[ECO "A47"]
[WhiteElo "2397"]
[BlackElo "2357"]
[Annotator "NA"]
[PlyCount "39"]
[EventDate "2018.11.02"]
[EventType "team-tourn"]
[EventCountry "NOR"]
[SourceTitle "playchess.com"]
[Source "ChessBase"]
[SourceQuality "1"]
[TimeControl "40/5400+30:1800+30"]

1. d4 Nf6 2. Nf3 b6 3. e3 Bb7 4. Bd3 g6 5. c4 Bg7 6. O-O O-O 7. Nc3 d5 8. Qe2 e6 9. e4 dxe4 10. Nxe4 Nc6 11. Be3 Ne7 12. Nc3 Nf5 13. Rad1 Nxe3 14. Qxe3 Qe7 15. Ne5 c5 16. dxc5 Qxc5 17. Qxc5 bxc5 18. Na4 Rac8 19. Bc2 Rc7 20. f4 1/2-1/2

[Event "NOR-chT Eliteserien 2018-19"]
[Site "Norway"]
[Date "2019.03.09"]
[Round "8.9"]
[White "Flermoen, Peter"]
[Black "Bern, Ivar"]
[Result "1/2-1/2"]
[ECO "B15"]
[WhiteElo "2314"]
[BlackElo "2302"]
[Annotator "NA"]
[PlyCount "56"]
[EventDate "2018.11.02"]
[EventType "team-tourn"]
[EventCountry "NOR"]
[SourceTitle "playchess.com"]
[Source "ChessBase"]
[SourceQuality "1"]
[TimeControl "40/5400+30:1800+30"]

1. e4 c6 2. d4 d5 3. Nc3 g6 4. Nf3 Bg7 5. exd5 cxd5 6. Bb5+ Bd7 7. Qe2 Nf6 8. Bg5 O-O 9. Bxd7 Nbxd7 10. O-O e6 11. Rfd1 a6 12. Ne5 Rc8 13. Nxd7 Qxd7 14. Qf3 Ne8 15. Qd3 Nd6 16. Ne2 Nc4 17. Bc1 Rc6 18. c3 Rfc8 19. b3 Nd6 20. Bf4 Nb5 21. Rac1 Na3 22. h3 Bf8 23. Be5 Bh6 24. Qf3 f5 25. Bf4 Bg7 26. Be5 Bh6 27. Bf4 Bg7 28. Be5 Bh6 1/2-1/2

[Event "NOR-chT Eliteserien 2018-19"]
[Site "Norway"]
[Date "2019.03.09"]
[Round "8.10"]
[White "Stokke, Kjetil"]
[Black "Klukin, Kirill"]
[Result "1-0"]
[ECO "A50"]
[WhiteElo "2334"]
[BlackElo "2326"]
[Annotator "NA"]
[PlyCount "87"]
[EventDate "2018.11.02"]
[EventType "team-tourn"]
[EventCountry "NOR"]
[SourceTitle "playchess.com"]
[Source "ChessBase"]
[SourceQuality "1"]
[TimeControl "40/5400+30:1800+30"]

1. d4 Nf6 2. c4 Nc6 3. Nc3 e6 4. a3 d6 5. d5 Nb8 6. e4 g6 7. Bg5 h6 8. Be3 Bg7 9. f3 a5 10. Nge2 Na6 11. Nf4 O-O 12. dxe6 Bxe6 13. Qd2 Nd7 14. Be2 Nac5 15. Rd1 a4 16. O-O Kh7 17. Ncd5 Nb3 18. Qc2 Ndc5 19. Nxe6 fxe6 20. Nc3 Qe7 21. f4 c6 22. Kh1 e5 23. f5 Bf6 24. fxg6+ Kxg6 25. Bg4 Bg5 26. Bf5+ Kg7 27. Bg1 Qf6 28. Ne2 Rad8 29. Ng3 Kh8 30. Qe2 Nd4 31. Qg4 Nxf5 32. Rxf5 Qe7 33. Bxc5 dxc5 34. Rdf1 Bf4 35. Rxf8+ Rxf8 36. Nf5 Qf7 37. g3 Bg5 38. Qe2 Qe6 39. h4 Be7 40. Qh5 Kh7 41. Kg2 b5 42. g4 Bd8 43. Rd1 Bc7 44. Nxh6 1-0

[Event "NOR-chT Eliteserien 2018-19"]
[Site "Norway"]
[Date "2019.03.09"]
[Round "8.11"]
[White "Nielsen, Andre"]
[Black "Gullaksen, Eirik"]
[Result "1/2-1/2"]
[ECO "B32"]
[WhiteElo "2211"]
[BlackElo "2341"]
[Annotator "NA"]
[PlyCount "60"]
[EventDate "2018.11.02"]
[EventType "team-tourn"]
[EventCountry "NOR"]
[SourceTitle "playchess.com"]
[Source "ChessBase"]
[SourceQuality "1"]
[TimeControl "40/5400+30:1800+30"]

1. e4 c5 2. Nf3 Nc6 3. d4 cxd4 4. Nxd4 e5 5. Nb5 d6 6. N1c3 a6 7. Na3 Be7 8. Be3 Nf6 9. Nc4 b5 10. Bb6 Qd7 11. Ne3 Rb8 12. Ned5 Nxd5 13. Nxd5 Bd8 14. Bxd8 Qxd8 15. Qd2 Ne7 16. Nxe7 Qxe7 17. Be2 O-O 18. O-O Bb7 19. Bd3 Rfd8 20. a4 d5 21. exd5 Bxd5 22. axb5 axb5 23. Qe3 Bc4 24. Rfd1 Bxd3 25. Rxd3 Rxd3 26. Qxd3 g6 27. Qd5 b4 28. h3 Rd8 29. Ra8 Rxa8 30. Qxa8+ Kg7 1/2-1/2